 Dungeon Crawl Stone Soup version 0.19-a0-1035-gdbfb0c6 (webtiles) character file.

421 HAL9000 the Cutter (level 6, -2/32 HPs)
             Began as a Vine Stalker Enchanter on July 29, 2016.
             Was a Follower of Uskayaw.
             Slain by Shenda's ghost (5 damage)
             ... on level 5 of the Dungeon.
             The game lasted 00:09:59 (3621 turns).

HAL9000 the Cutter (Vine Stalker Enchanter)         Turns: 3621, Time: 00:10:01

Health: -2/32      AC:  4    Str: 18    XL:     6   Next: 94%
Magic:  0/10       EV: 12    Int: 15    God:    Uskayaw [*.....]
Gold:   228        SH:  0    Dex: 14    Spells: 4 memorised, 0 levels left

rFire  . . .     SeeInvis .     a - +1 dagger
rCold  . . .     Gourm    .     b - +1 robe
rNeg   . . .     Faith    .     (no shield)
rPois  .         Spirit   +     (no helmet)
rElec  .         Dismiss  .     m - +0 cloak
rCorr  .         Reflect  .     (no gloves)
SustAt .         Harm     .     (no boots)
MR     .....                    f - amulet of rage
Stlth  ++........               (no ring)
                                l - ring of wizardry

@: mighty, not resistant to hostile enchantments, unstealthy
A: fangs 2, talons 1, regeneration 2, magic shield, antimagic bite, no device
heal 3, rot immunity
a: Stomp, Renounce Religion, Evoke Berserk Rage


You were on level 5 of the Dungeon.
You worshipped Uskayaw.
Uskayaw was noncommittal.
You were hungry.

You visited 2 branches of the dungeon, and saw 6 of its levels.

You collected 228 gold pieces.

Inventory:

Hand Weapons
 a - a +1 dagger (weapon)
Armour
 b - a +1 robe (worn)
 m - a +0 cloak (worn)
Jewellery
 f - an amulet of rage (around neck)
 l - a ring of wizardry (left hand)
Wands
 w - a wand of lightning (0/15)
 x - a wand of polymorph (6/24)
Scrolls
 g - 2 scrolls of enchant weapon {unknown}
 i - 3 scrolls of blinking {unknown}
 n - 2 scrolls of amnesia {unknown}
 p - 3 scrolls of remove curse {unknown}
 q - a scroll of random uselessness {unknown}
 r - a scroll of teleportation {unknown}
 y - a scroll of fog {unknown}
 z - a scroll of magic mapping {unknown}
Potions
 e - 2 potions of haste
 k - 3 potions of curing
 A - a potion of mutation
Books
 c - a book of Maledictions

   Spells                             Type                      Level
   a - Corona                         Hexes                        1
   b - Ensorcelled Hibernation        Hexes/Ice                    2
   c - Confuse                        Hexes                        3
   d - Tukima's Dance                 Hexes                        3
   e - Dazzling Spray                 Conjuration/Hexes            3
Comestibles
 d - 3 bread rations
 u - 2 beef jerkies
 B - a meat ration
 C - a chunk of flesh
 D - 5 fruits


   Skills:
 + Level 3.3 Fighting
 * Level 5.1 Short Blades
 - Level 1.5 Dodging
 - Level 3.6 Stealth
 - Level 2.1 Spellcasting
 - Level 3.0 Hexes


You couldn't memorise any spells.
You knew the following spells:

 Your Spells              Type           Power        Failure   Level  Hunger
a - Corona                Hex            ##.....      3%          1    #......
b - Tukima's Dance        Hex            ##......     9%          3    ###....
x - Confuse               Hex            ##......     9%          3    ###....
z - Ensorcelled Hibernat  Hex/Ice        #.....       7%          2    ###....


Dungeon Overview and Level Annotations

Branches:
Dungeon (5/15)             Temple (1/1) D:4

Altars:
Cheibriados
Dithmenos
Elyvilon
Fedhas
Gozag
Kikubaaqudgha
Makhleb
Nemelex Xobeh
Okawaru
Pakellas
Qazlal
Ru
Sif Muna
Trog
Uskayaw
Vehumet
Xom
Yredelemnul
Zin
The Shining One

Annotations:
D:5 Shenda's ghost, novice DsGl


Innate Abilities, Weirdness & Mutations

You have extremely sharp teeth.
You heal very quickly.
When hurt, damage is shared between your health and your magic reserves.
Your bite disrupts and absorbs the magic of your enemies.
Potions and wands cannot restore your health.
You are immune to rotting.
You have sharp toenails.


Message History

Shenda's ghost is severely damaged.
You closely miss Shenda's ghost. Your bite misses Shenda's ghost.
Shenda's ghost is severely damaged.
Shenda's ghost closely misses you.
You closely miss Shenda's ghost. Your kick misses Shenda's ghost.
Shenda's ghost is severely damaged.
Shenda's ghost misses you.
You closely miss Shenda's ghost.
You claw Shenda's ghost, but do no damage.
Your bite misses Shenda's ghost.
Shenda's ghost is severely damaged.
Shenda's ghost keens inconsolably.
Shenda's ghost hits you.
* * * LOW HITPOINT WARNING * * *
You puncture Shenda's ghost!
You claw Shenda's ghost, but do no damage.
Your bite misses Shenda's ghost.
Shenda's ghost is almost destroyed.
Shenda's ghost hits you.
You die...

####### #.....# #.....# ##
#.....# #. ####.....# #.
#........## ##.
#........#### ###..
#..@.......# ##....
#....##W#####.####..##.
#### #..####......#...
...............#.
......###.....##..
###.##...#####....#
#.####.####..####
..########.#..........####
......#....................


You could see Shenda's ghost.

Vanquished Creatures
  A phantom (D:5)
  A scorpion (D:4)
  A crimson imp (D:4)
  A giant frog zombie (D:5)
  A jelly (D:3)
  A worker ant zombie (D:5)
  6 gnolls
  3 adders
  A shadow imp (D:5)
  3 oozes
  An adder zombie (D:5)
  2 worms
  4 dart slugs
  A giant gecko (D:4)
  4 orcs
  3 giant cockroaches
  6 hobgoblins
  3 quokkas
  6 bats
  7 giant newts
  3 goblins
  5 kobolds (D:1)
  4 rats
68 creatures vanquished.

Notes
Turn   | Place    | Note
-------+----------+-------------------------------------------
     0 | D:1      | HAL9000 the Vine Stalker Enchanter began the quest for the Orb.
     0 | D:1      | Reached XP level 1. HP: 9/9 MP: 4/4
    81 | D:1      | Reached skill level 1 in Short Blades
   206 | D:1      | Reached XP level 2. HP: 14/14 MP: 6/6
   239 | D:1      | Learned a level 2 spell: Ensorcelled Hibernation
   356 | D:1      | Reached skill level 1 in Fighting
   472 | D:1      | Reached skill level 2 in Short Blades
   809 | D:2      | Reached XP level 3. HP: 18/18 MP: 5/7
  1042 | D:2      | Learned a level 3 spell: Confuse
  1140 | D:2      | Found a white marble altar of Elyvilon.
  1371 | D:2      | Found a bloodstained altar of Trog.
  1647 | D:3      | Reached XP level 4. HP: 22/22 MP: 8/8
  1690 | D:3      | HP: 1/22 [acid (5)]
  1691 | D:3      | Reached skill level 3 in Short Blades
  1788 | D:3      | Found a sparkling altar of Nemelex Xobeh.
  1791 | D:3      | Found a blossoming altar of Fedhas.
  1794 | D:3      | Found a stormy altar of Qazlal.
  1804 | D:3      | Found a glowing silver altar of Zin.
  1949 | D:3      | Reached XP level 5. HP: 26/26 MP: 6/9
  2301 | D:4      | Found a staircase to the Ecumenical Temple.
  2541 | D:4      | Found an iron altar of Okawaru.
  2762 | D:4      | Reached skill level 4 in Short Blades
  2818 | D:4      | Gained mutation: You heal very quickly. [Vine Stalker growth]
  2818 | D:4      | Reached XP level 6. HP: 25/32 MP: 3/10
  2836 | D:4      | Learned a level 3 spell: Tukima's Dance
  3120 | Temple   | Entered the Ecumenical Temple
  3187 | Temple   | Became a worshipper of Uskayaw the Reveler
  3270 | D:5      | Entered Level 5 of the Dungeon
  3307 | D:4      | Reached * piety under Uskayaw
  3343 | D:5      | Noticed a phantom
  3361 | D:5      | Reached ** piety under Uskayaw
  3427 | D:5      | Killed a phantom
  3427 | D:5      | Reached skill level 5 in Short Blades
  3446 | D:5      | Noticed an ice beast
  3589 | D:5      | Noticed Shenda's ghost (novice DsGl)
  3594 | D:5      | Gained mutation: You have sharp toenails. [potion of beneficial mutation]
  3621 | D:5      | Slain by Shenda's ghost

Vault maps used:
D:1:      evilmike_arrival_rings
D:2:      lemuel_doored_altar, first_bread, lemuel_tele_altar
D:3:      grunt_temple_overflow_cloverleaf
D:4:      okawaru_gym_becter
D:5:      uniq_eustachio, uniq_menkaure, uniq_crazy_yiuf_cottage
Temple:   regret_index_temple_waves

Skill      XL: |  1  2  3  4  5  6 |
---------------+-------------------+-----
Short Blades   | 1 2 3 4 5 |  5.1
Fighting       | 1 2 3 |  3.3
Dodging        | |  1.5
Stealth        | |  3.6
Spellcasting   | |  2.1
Hexes          | |  3.0

Action                   |  1- 3 |  4- 6 || total
-------------------------+-------+-------++-------
Melee: Dagger            |   118 |   223 ||   341
       Bite              |    16 |    55 ||    71
       Kick              |       |     9 ||     9
 Cast: Corona            |     2 |       ||     2
       Ensorcelled Hiber |     6 |    19 ||    25
       Confuse           |       |     5 ||     5
       Tukima's Dance    |       |     2 ||     2
Evoke: Wand              |       |     2 ||     2
  Use: Scroll            |       |     6 ||     6
       Potion            |       |     2 ||     2
 Stab: Sleeping          |    13 |    15 ||    28
       Confused          |       |     2 ||     2
  Eat: Chunk             |     3 |     3 ||     6
       Meat ration       |       |     1 ||     1
Armor: Robe              |    33 |    39 ||    72
Dodge: Dodged            |    54 |   103 ||   157
